 Dungeon Crawl Stone Soup version coffee-0.2.0 (webtiles) character file.

Game seed: 7777888407989582931, levelgen mode: deterministic

6888 Dorkslayer the Covert (level 11, -3/70 HPs)
             Began as an Octopode Assassin on Oct 30, 2020.
             Was a High Priest of Dithmenos.
             Slain by a guardian serpent (19 damage)
             ... on level 9 of the Dungeon.
             The game lasted 00:36:22 (7597 turns).

Dorkslayer the Covert (Octopode Assassin)           Turns: 7597, Time: 00:36:22

Health: -3/70      AC:  1    Str: 15    XL:     11   Next: 6%
Magic:  18/18      EV: 18    Int: 13    God:    Dithmenos [*****.]
Gold:   1564       SH:  0    Dex: 15    Spells: 17/19 levels left

rFire    . . .     SeeInvis +   K - +2 dagger (holy)
rCold    . . .     Gourm    .   (no shield)
rNeg     + . .     Faith    .   (helmet restricted)
rPois    .         Spirit   .   I - amulet of regeneration
rElec    .         Reflect  .   h - +4 ring of strength
rCorr    .         Harm     .   k - ring of see invisible
MR       .....                  r - +2 ring of slaying
Stlth    +++++++++.             B - ring of flight
HPRegen  0.61/turn              G - ring of positive energy (curse)
MPRegen  0.16/turn              (no ring)
                                (no ring)
                                (no ring)

@: lethally poisoned (-3 -> -3), slowed, wreathed by umbra, very slow
A: almost no armour, stealthy swim, amphibious, 8 rings, constrict 8, camouflage
1, dopey 1, sense surroundings 2, screaming 1, gelatinous body 1
a: Shadow Step, Shadow Form, Renounce Religion, Evoke Flight


You were on level 9 of the Dungeon.
You worshipped Dithmenos.
Dithmenos was extremely pleased with you.
You were not hungry.

You visited 2 branches of the dungeon, and saw 10 of its levels.

You collected 1564 gold pieces.

Inventory:

Hand Weapons
 a - a +2 dagger
 e - a +0 vorpal quick blade
 K - a +2 dagger of holy wrath (weapon)
Missiles
 i - 7 poisoned darts
 m - 7 boomerangs
 C - 3 curare-tipped darts
 D - 6 atropa-tipped darts
 H - 5 javelins (quivered)
Armour
 L - a +0 robe
Jewellery
 h - a +4 ring of strength (left tentacle)
 k - a ring of see invisible (right tentacle)
 r - a +2 ring of slaying (on tentacle)
 B - a ring of flight (on tentacle)
 G - a cursed ring of positive energy (on tentacle)
 I - an amulet of regeneration (around mantle)
Wands
 l - a wand of scattershot (1)
 s - a wand of iceblast (6)
 u - a wand of flame (5)
 y - a wand of random effects (9)
Scrolls
 b - a scroll of fear
 c - a scroll of immolation
 g - 2 scrolls of enchant armour
 n - 3 scrolls of remove curse
 o - 2 scrolls of holy word
 p - 4 scrolls of teleportation
 t - a scroll of magic mapping
 w - 3 scrolls of amnesia
 E - a scroll of fog
Potions
 f - a potion of cancellation
 j - 4 potions of curing
 x - a potion of magic
 A - a potion of flight
 F - a potion of resistance
 J - a potion of ambrosia
Miscellaneous
 q - a fan of gales
 v - a crystal ball of energy
Comestibles
 d - 13 rations
 z - 2 chunks of flesh


   Skills:
 + Level 4.3(8.1) Fighting
 + Level 6.0 Short Blades
 + Level 7.3 Throwing
 + Level 3.8(8.0) Dodging
 + Level 11.4(13.2) Stealth
 * Level 4.9(7.8) Spellcasting
 * Level 6.8(8.1) Invocations
 * Level 6.7(8.1) Evocations


You had 17 spell levels left.
You knew the following spells:

 Your Spells              Type           Power        Failure   Level  Hunger
a - Foxfire               Conj/Fire      #...         14%         1    None
b - Corona                Hex            ##.....      3%          1    None

Your spell library contained the following spells:

 Spells                   Type           Power        Failure   Level  Hunger
 Confusing Touch          Hex            ##......     10%         3    ##.....
 Animate Skeleton         Necr           N/A          14%         1    None
 Apportation              Tloc           #.....       14%         1    None
 Sandblast                Erth           #.....       14%         1    None
 Summon Small Mammal      Summ           #...         14%         1    None
 Passwall                 Tmut/Erth      #.......     22%         2    None
 Cause Fear               Hex            ##........   30%         4    ####...
 Gell's Gravitas          Tloc           #.........   38%         3    ##.....
 Stone Arrow              Conj/Erth      #.....       38%         3    ##.....
 Petrify                  Tmut/Erth      #.......     80%         4    ####...
 Metabolic Englaciation   Hex/Ice        #.........   88%         5    #####..
 Yara's Violent Unravell  Hex/Tmut       #.........   88%         5    #####..
 Lee's Rapid Deconstruct  Erth           #.........   98%         5    #####..
 Dragon Form              Tmut           #.........   100%        7    #######
 Dragon's Call            Summ           #.........   100%        9    #######


Dungeon Overview and Level Annotations

Branches:
Dungeon (9/10)             Temple (1/1) D:2

Altars:
Cheibriados
Dithmenos
Elyvilon
Fedhas
Gozag
Hepliaklqana
Kikubaaqudgha
Makhleb
Okawaru
Qazlal
Sif Muna
Trog
Uskayaw
Vehumet
Wu Jian
Xom
The Shining One

Shops:
D:2 *   D:9 %


Innate Abilities, Weirdness & Mutations

You cannot wear most types of armour.
You are very stealthy in the water. (Stealth+)
You are amphibious.
You can wear up to eight rings at the same time.
You can use your tentacles to constrict eight enemies at once.
Your skin changes colour to match your surroundings (Stealth+).
Your rubbery body absorbs attacks. (AC +1, EV +1)
You are dopey. (Int -2)
You passively map the area around you.
You occasionally shout uncontrollably at your foes.


Message History

The guardian serpent is severely wounded.
You feel sick.
You hit the guardian serpent but do no damage.
The guardian serpent is severely wounded.
You feel sick.
The guardian serpent completely misses you.
The guardian serpent barely misses you.
You closely miss the guardian serpent.
The guardian serpent is severely wounded.
You feel sick.
The guardian serpent closely misses you.
You hit the guardian serpent.
Your squeeze misses the guardian serpent.
The guardian serpent is severely wounded.
The guardian serpent hits you!! The guardian serpent hits you.
* * * LOW HITPOINT WARNING * * *
You hit the guardian serpent.
The guardian serpent is severely wounded.
You feel sick. The guardian serpent hits you!!
You die...

#.......#).............
**..#######).........####
* ., #..........# * , ,
#..........# ,*
##........##### *, #
###........###.. #.
###...........)..#
,##+#..#.............####
, (.....S@.#..........# ,
, .........#..........# *
, (.....####..........# ,
,...... ##........## *
##### ##......## ########


You could see a guardian serpent.

Vanquished Creatures
  A two-headed ogre (D:8)
  Joseph (D:8)
  Psyche (D:9)
  2 hippogriffs (D:8)
  A wyvern (D:8)
  2 hungry ghosts
  A soldier ant (D:9)
  A water moccasin (D:8)
  An ice beast (D:8)
  3 orc warriors
  A sky beast (D:7)
  A necrophage (D:5)
  4 ogres
  9 centaurs
  2 crocodiles
  4 bullfrogs
  4 scorpions
  A water moccasin skeleton (D:2)
  10 killer bees
  6 howler monkeys
  6 wights
  4 crimson imps
  A bullfrog zombie (D:6)
  2 centaur zombies
  3 hounds
  3 jellies
  A centaur skeleton (D:5)
  4 orc priests
  3 bullfrog skeletons
  Terence (D:3)
  Jessica (D:2)
  Ijyb (D:4)
  9 orc wizards
  9 worker ants
  A killer bee zombie (D:8)
  2 hound skeletons
  3 worker ant zombies (D:5)
  3 gnolls (D:2)
  A howler monkey skeleton (D:5)
  9 adders
  A shadow imp (D:6)
  3 worms
  A dart slug (D:3)
  3 leopard geckos
  30 orcs
  3 giant cockroaches
  6 goblins
  10 hobgoblins
  9 jackals
  9 kobolds
  A quokka (D:3)
  5 bats
  4 frilled lizards
  A quokka skeleton (D:4)
  8 rats
217 creatures vanquished.

Notes
Turn   | Place    | Note
-------+----------+-------------------------------------------
     0 | D:1      | Dorkslayer the Octopode Assassin began the quest for the
                  | Orb.
     0 | D:1      | Reached XP level 1. HP: 14/14 MP: 1/1
   232 | D:1      | Reached XP level 2. HP: 19/19 MP: 2/2
   541 | D:1      | Learned a level 1 spell: Foxfire
   782 | D:2      | Reached skill level 6 in Stealth
   782 | D:2      | Reached skill level 1 in Evocations
   782 | D:2      | Reached XP level 3. HP: 17/25 MP: 2/4
   782 | D:2      | Reached XP level 4. HP: 20/30 MP: 2/5
   866 | D:2      | Noticed Jessica
   868 | D:2      | Killed Jessica
   882 | D:2      | Reached XP level 5. HP: 16/35 MP: 6/6
   950 | D:2      | Found Ixko's Assorted Antiques.
  1100 | D:2      | Found a staircase to the Ecumenical Temple.
  1109 | Temple   | Entered the Ecumenical Temple
  1126 | Temple   | Became a worshipper of Dithmenos the Shadowed
  1270 | D:2      | Found a radiant altar of Vehumet.
  1433 | D:2      | Reached skill level 7 in Stealth
  1542 | D:2      | Found a burning altar of Makhleb.
  1542 | D:2      | Noticed a cacodemon
  1708 | D:3      | Reached * piety under Dithmenos
  1765 | D:3      | Reached skill level 1 in Invocations
  1809 | D:3      | Noticed Terence
  1819 | D:3      | Reached XP level 6. HP: 37/41 MP: 7/7
  1824 | D:3      | Killed Terence
  1963 | D:3      | Learned a level 1 spell: Corona
  2457 | D:3      | Reached ** piety under Dithmenos
  2887 | D:4      | Reached XP level 7. HP: 43/45 MP: 9/9
  3049 | D:4      | Reached skill level 8 in Stealth
  3061 | D:4      | Noticed Ijyb
  3064 | D:4      | Killed Ijyb
  3324 | D:5      | Entered Level 5 of the Dungeon
  3359 | D:5      | Reached *** piety under Dithmenos
  3401 | D:5      | HP: 2/46 [worker ant zombie (6)]
  3764 | D:5      | Reached skill level 1 in Spellcasting
  3764 | D:5      | Reached XP level 8. HP: 50/52 MP: 10/10
  4105 | D:5      | Reached skill level 9 in Stealth
  4898 | D:6      | Reached XP level 9. HP: 41/57 MP: 12/12
  5610 | D:7      | Reached skill level 5 in Throwing
  5610 | D:7      | Reached skill level 10 in Stealth
  5691 | D:7      | Gained mutation: You are dopey. (Int -2) [potion of
                  | mutation]
  5691 | D:7      | Gained mutation: Scrolls take you a little longer to read.
                  | [potion of mutation]
  5691 | D:7      | Gained mutation: You are weak. (Str -2) [potion of
                  | mutation]
  5691 | D:7      | Gained mutation: You passively map a small area around you.
                  | [potion of mutation]
  5692 | D:7      | Lost mutation: Scrolls take you a little longer to read.
                  | [potion of mutation]
  5692 | D:7      | Lost mutation: You are weak. (Str -2) [potion of mutation]
  5692 | D:7      | Gained mutation: You occasionally shout uncontrollably at
                  | your foes. [potion of mutation]
  5692 | D:7      | Gained mutation: You passively map the area around you.
                  | [potion of mutation]
  5721 | D:7      | Reached skill level 5 in Evocations
  5731 | D:7      | Reached **** piety under Dithmenos
  5895 | D:7      | Reached skill level 5 in Short Blades
  6201 | D:8      | Reached skill level 5 in Invocations
  6301 | D:8      | Reached XP level 10. HP: 63/63 MP: 15/15
  6458 | D:8      | Reached skill level 11 in Stealth
  6495 | D:8      | Noticed Joseph
  6526 | D:8      | Killed Joseph
  6744 | D:8      | Noticed a two-headed ogre
  6752 | D:8      | Killed a two-headed ogre
  7336 | D:9      | Noticed Psyche
  7346 | D:9      | Killed Psyche
  7427 | D:9      | Reached XP level 11. HP: 54/70 MP: 18/18
  7478 | D:9      | Found Gauskil's Food Emporium.
  7515 | D:9      | Reached ***** piety under Dithmenos
  7597 | D:9      | Slain by a guardian serpent

Levels and vault maps discovered:
D:1:      kennysheep_arrival_forest, layout_basic, serial_forest,
          infiniplex_forest_lined_room_, infiniplex_forest_zigzag_1,
          infiniplex_forest_clump_diagonal, infiniplex_forest_clump_small,
          infiniplex_forest_lined_ring, infiniplex_forest_lined_4_way
D:2:      layout_loops_cross, fiery_altar_vehumet,
          minmay_temple_entry_mini_moons, first_ration, serial_shops, shop,
          makhleb_altar_promises_db, uniq_jessica
D:3:      layout_loops_ring, uniq_terence
D:4:      layout_basic, uniq_ijyb
D:5:      layout_loops_ring
D:6:      layout_basic
D:7:      layout_rooms
D:8:      layout_loops_corners, uniq_joseph
D:9:      layout_rooms, serial_shops, nicolae_shop_window_shopping,
          nrook_guardian_serpent_ordinary, uniq_psyche
Temple:   dpeg_three_leaves_temple

Skill      XL: |  1  2  3  4  5  6  7  8  9 10 |
---------------+-------------------------------+-----
Stealth        | 6 7 8 9 10 11 | 11.4
Evocations     | 1 2 3 4 5 6 |  6.7
Throwing       | 3 4 5 7 |  7.3
Invocations    | 1 2 3 5 6 |  6.8
Short Blades   | 3 4 5 6 |  6.0
Fighting       | 3 4 |  4.3
Spellcasting   | 1 2 3 4 |  4.9
Dodging        | 2 3 |  3.8

Action                   |  1- 3 |  4- 6 |  7- 9 | 10-12 || total
-------------------------+-------+-------+-------+-------++-------
Melee: Dagger            |    17 |   113 |   161 |   106 ||   397
       Constrict         |     3 |    32 |    26 |    17 ||    78
       Tentacles         |     1 |    23 |    38 |    25 ||    87
       Punch             |     1 |     4 |     4 |     5 ||    14
Throw: Dart              |    13 |    50 |    15 |    16 ||    94
       Boomerang         |       |    18 |    38 |     3 ||    59
       Javelin           |       |       |     3 |    38 ||    41
Evoke: Wand              |       |     1 |    14 |    19 ||    34
       Fan of gales      |       |       |     1 |       ||     1
  Use: Potion            |       |     2 |     3 |     2 ||     7
       Scroll            |       |       |     2 |     1 ||     3
 Stab: Sleeping          |     2 |    10 |    21 |     2 ||    35
       Distracted        |       |     1 |       |       ||     1
       Invisible         |       |       |     3 |       ||     3
  Eat: Chunk             |       |     6 |     9 |     5 ||    20
       Ration            |       |       |     1 |       ||     1
Armor: Skin              |     1 |     1 |     3 |       ||     5
Dodge: Dodged            |     7 |    57 |   121 |    71 ||   256
